 Dungeon Crawl Stone Soup version 0.14-a0-3445-g2afddda (webtiles) character file.

979 MrRokkomies the Conjurer (level 7, -9/41 HPs)
             Began as an Octopode Conjurer on Mar 23, 2014.
             Mangled by an orc warrior
             ... wielding a +2,+0 battleaxe of electrocution
              (13 damage)
             ... on Level 5 of the Dungeon.
             The game lasted 00:20:02 (5914 turns).

MrRokkomies the Conjurer (Octopode Conjurer)        Turns: 5914, Time: 00:20:02

HP  -9/41        AC  1     Str  8      XL: 7   Next: 58%
MP   6/12        EV 12     Int 19      God:
Gold 307         SH  9     Dex 12      Spells:  4 memorised,  0 levels left

rFire  . . .     SeeInvis .     y - +2,+0 short sword (flame)
rCold  + + .     Clarity  .     h - +0 buckler
rNeg   . . .     Conserve .     (helmet restricted)
rPois  .         rCorr    .     (no amulet)
rElec  .         rRot     .     a - ring of protection from cold
SustAb . .       Spirit   .     A - ring of protection from cold
rMut   .         Warding  .     t - ring of flight
Saprov . . .     Stasis   .     (no ring)
MR     .....                    (no ring)
                                (no ring)
                                (no ring)
                                (no ring)

@: not resistant to hostile enchantments, quite stealthy
A: almost no armour, amphibious, 8 rings, constrict 8, camouflage 1, gelatinous
body 1
a: Evoke Flight


You were on level 5 of the Dungeon.
You were very hungry.

You visited 1 branch of the dungeon, and saw 6 of its levels.

You collected 307 gold pieces.

Inventory:

Hand weapons
 w - a +2,+0 dagger of freezing
 y - a +2,+0 short sword of flaming (weapon)
 C - a +0,+0 sling
 E - a +2,+3 quarterstaff of chaos
Missiles
 g - 22 sling bullets
 m - 2 javelins (quivered)
 o - 16 poisoned needles
 s - 15 bolts
Armour
 h - a +0 buckler (worn)
Comestibles
 b - 2 bread rations
 q - a beef jerky
Scrolls
 f - a scroll of teleportation
 i - a scroll of magic mapping {unknown}
 v - a scroll of recharging {unknown}
 D - 2 scrolls of remove curse
 H - a scroll of identify
Jewellery
 a - a ring of protection from cold (left tentacle)
 p - an uncursed ring of teleportation
 t - a ring of flight (on tentacle)
 A - a ring of protection from cold (right tentacle)
Potions
 e - a potion of invisibility
 j - a potion of heal wounds
 k - 4 potions of brilliance
 l - a potion of agility {unknown}
 n - a potion of lignification {unknown}
 u - a potion of restore abilities {unknown}
 x - a potion of berserk rage {unknown}
 z - a potion of might {unknown}
Books
 c - a book of Conjurations

   Spells                             Type                      Level
   *Magic Dart                        Conjuration                  1
   *Searing Ray                       Conjuration                  2
   *Dazzling Spray                    Conjuration/Hexes            3
   Fulminant Prism                    Conjuration/Hexes            4
   *Iskenderun's Mystic Blast         Conjuration                  4
   Iskenderun's Battlesphere          Conjuration/Charms           5
 B - a book of Callings

   Spells                             Type                      Level
   Summon Small Mammal                Summoning                    1
   Call Imp                           Summoning                    2
   Call Canine Familiar               Summoning                    3
   Summon Guardian Golem              Hexes/Summoning              4
   Summon Lightning Spire             Summoning/Air                4
   Summon Ice Beast                   Ice/Summoning                4
 F - a book of Alchemy

   Spells                             Type                      Level
   Lethal Infusion                    Charms/Necromancy            2
   Sublimation of Blood               Necromancy                   2
   Condensation Shield                Ice                          4
   Petrify                            Transmutation/Earth          4
   Ignite Poison                      Fire/Transmutation           5


   Skills:
 * Level 2.8 Dodging
 - Level 2.6 Stealth
 - Level 3.1 Shields
 - Level 2.0 Spellcasting
 + Level 8.0 Conjurations


You couldn't memorise any spells.
You knew the following spells:

 Your Spells              Type           Power        Failure   Level  Hunger
a - Magic Dart            Conj           ####         1%          1    #......
b - Searing Ray           Conj           ####..       1%          2    ##.....
c - Dazzling Spray        Conj/Hex       ###.....     12%         3    ####...
d - Iskenderun's Mystic   Conj           ####....     8%          4    #####..


Dungeon Overview and Level Annotations

Branches:
Dungeon (6/15)
 Temple: D:4-7

Altars:
Ashenzari
Elyvilon
Nemelex Xobeh


Innate Abilities, Weirdness & Mutations

You cannot wear most types of armour.
You are amphibious.
You can wear up to eight rings at the same time.
You can use your tentacles to constrict many enemies at once.
Your skin changes colour to match your surroundings (Stlth).
Your rubbery body absorbs attacks (AC +1).


Message History

Something smites you!
* * * LOW HITPOINT WARNING * * *
You climb upwards.
There is a stone staircase leading down here.
Casting: Magic Dart
Confirm with . or Enter, or press ? or * to list all spells.
Aiming: Dazzling Spray
Press: ? - help, Shift-Dir - straight line, f - orc warrior
Aim: an orc warrior, wielding a glowing battleaxe and wearing a plate armour The spray of energy hits the orc warrior.
The orc warrior barely misses you.
Casting: Dazzling Spray
Confirm with . or Enter, or press ? or * to list all spells.
Aiming: Dazzling Spray
Press: ? - help, Shift-Dir - straight line, f/p - orc warrior
Aim: an orc warrior, wielding a glowing battleaxe and wearing a plate armour The spray of energy misses the orc warrior.
You are feeling very hungry.
The orc warrior hits you with a glowing battleaxe!
You die...

########### #.........#
#......##.# #......##.#
#......##.#
##############....(#
................@..#
###...########.o...# #...#
#..##.# #...# #..##.#
###...# #..##.#########
......########..##.........#
###.............##.........#
................##.........#
###....)........##.........#


You could see an orc warrior.

Vanquished Creatures
  An ice beast (D:5)
  A phantom (D:5)
  A scorpion (D:4)
  A hound (D:4)
  Crazy Yiuf (D:4)
  An iguana (D:4)
  A centaur skeleton (D:4)
  2 orc wizards
  A worker ant (D:4)
  A hound zombie (D:6)
  An ogre skeleton (D:4)
  3 gnolls (D:5)
  A giant mite (D:5)
  6 adders
  A shadow imp (D:6)
  4 worms
  An ooze (D:3)
  14 orcs
  12 bats
  5 giant cockroaches
  10 hobgoblins
  8 kobolds
  2 giant geckos (D:1)
  A giant newt (D:2)
  7 goblins
  A jackal skeleton (D:4)
  An orc skeleton (D:5)
  11 rats
  A rat zombie (D:6)
101 creatures vanquished.

Notes
Turn   | Place    | Note
--------------------------------------------------------------
     0 | D:1      | MrRokkomies, the Octopode Conjurer, began the quest for the Orb.
     0 | D:1      | Reached XP level 1. HP: 11/11 MP: 3/3
   370 | D:1      | Reached XP level 2. HP: 7/17 MP: 4/4
  1223 | D:2      | Found a white marble altar of Elyvilon.
  1445 | D:2      | Learned a level 2 spell: Searing Ray
  1652 | D:2      | Reached XP level 3. HP: 21/21 MP: 6/6
  2097 | D:3      | Reached skill level 1 in Shields
  2289 | D:3      | Reached skill level 5 in Conjurations
  2422 | D:3      | Reached XP level 4. HP: 27/27 MP: 1/7
  2486 | D:3      | Learned a level 3 spell: Dazzling Spray
  3344 | D:4      | Reached XP level 5. HP: 17/31 MP: 1/9
  3692 | D:4      | Reached skill level 6 in Conjurations
  4008 | D:4      | Reached XP level 6. HP: 16/36 MP: 1/10
  4255 | D:4      | Noticed Crazy Yiuf
  4263 | D:4      | Killed Crazy Yiuf
  4531 | D:4      | Reached skill level 7 in Conjurations
  4687 | D:5      | Entered Level 5 of the Dungeon
  5064 | D:5      | Reached XP level 7. HP: 41/41 MP: 6/12
  5070 | D:5      | Learned a level 4 spell: Iskenderun's Mystic Blast
  5380 | D:5      | Reached skill level 8 in Conjurations
  5875 | D:6      | Found a shattered altar of Ashenzari.
  5876 | D:6      | Found a sparkling altar of Nemelex Xobeh.
  5914 | D:5      | Mangled by an orc warrior

Action                   |  1- 3 |  4- 6 |  7- 9 || total
-------------------------+-------+-------+-------++-------
Melee: Unarmed           |    13 |       |       ||    13
       Dagger            |    26 |    64 |       ||    90
       Hammer            |       |     7 |       ||     7
       Short sword       |       |       |    24 ||    24
Throw: Javelin           |       |     2 |       ||     2
 Cast: Magic Dart        |    34 |    78 |    38 ||   150
       Searing Ray       |     3 |    10 |     1 ||    14
       Dazzling Spray    |       |     1 |     2 ||     3
  Use: Scroll            |     4 |     6 |     1 ||    11
       Potion            |       |     2 |     3 ||     5
 Stab: Sleeping          |     5 |     5 |       ||    10
